 Dungeon Crawl Stone Soup version 0.27-a0-95-g5a9077b8ae (webtiles) character file.

Game seed: 7395315609486435009

48 timneilson the Covered (level 3, -1/23 HPs)
             Began as a Gargoyle Fighter on Jan 17, 2021.
             Slain by Sigmund
             ... wielding a +0 scythe
              (5 damage)
             ... on level 3 of the Dungeon.
             The game lasted 00:02:19 (1598 turns).

timneilson the Covered (Gargoyle Fighter)           Turns: 1598, Time: 00:02:20

Health: -1/23      AC: 12    Str: 20    XL:     3   Next: 72%
Magic:  3/3        EV:  7    Int:  8    God:
Gold:   97         SH:  9    Dex:  9    Spells: 2/2 levels left

rFire    . . .     SeeInvis .   a - +1 long sword
rCold    . . .     Faith    .   c - +0 kite shield
rNeg     + . .     Spirit   .   b - +0 scale mail
rPois    ∞         Reflect  .   (no helmet)
rElec    +         Harm     .   (no cloak)
rCorr    .         Rampage  .   i - +0 pair of gloves (curse)
Will     .....                  l - +0 pair of boots
Stlth    ..........             (no amulet)
HPRegen  0.07/turn              (no ring)
MPRegen  0.08/turn              (no ring)

@: mighty
A: negative energy resistance 1, electricity resistance, unbreathing,
petrification resistance, miasma immunity, AC +3
a: no special abilities


You were on level 3 of the Dungeon.
You visited 1 branch of the dungeon, and saw 3 of its levels.

You collected 97 gold pieces.

Inventory:

Hand Weapons
 a - a +1 long sword (weapon)
Armour
 b - a +0 scale mail (worn)
 c - a +0 kite shield (worn)
 g - a +0 chain mail
 i - a cursed +0 pair of gloves (worn)
 l - a +0 pair of boots (worn)
Scrolls
 e - a scroll of identify
 f - 3 scrolls of remove curse
Potions
 h - a potion of attraction
 j - a potion of degeneration {unknown}
 m - 2 potions of ambrosia


   Skills:
 + Level 3.5 Fighting
 * Level 2.5 Long Blades
 * Level 3.9 Armour
 * Level 3.7 Shields


You had 2 spell levels left.
You didn't know any spells.
Your spell library was empty.

Dungeon Overview and Level Annotations

Branches:
Dungeon (3/15)

Altars:
Kikubaaqudgha

Annotations:
D:3 Sigmund


Innate Abilities, Weirdness & Mutations

You are resistant to torment.
Your stone body is resilient. (AC +3)
You are immune to poison.
You resist negative energy. (rN+)
You are resistant to electric shocks. (rElec)
You can survive without breathing.
You are immune to petrification.
You are immune to miasma.


Message History

You closely miss something. Something hits you.
You miss something. Something hits you.
You closely miss something. Something hits you.
You closely miss something. Something hits you but does no damage.
You closely miss something. You miss something.
You hear some strange, mumbled words.
A magic dart appears from out of thin air!
The magic dart hits you but does no damage.
Something hits you but does no damage.
You closely miss something. You barely miss something.
You block something's attack.
You barely miss something. Something hits you but does no damage.
You closely miss something. Something hits you.
* * * LOW HITPOINT WARNING * * *
You barely miss something. Something hits you but does no damage.
You closely miss something. Something hits you.
* * * LOW HITPOINT WARNING * * *
You barely miss something. Something hits you.
You die... ≈# .. ##. ..### .oo. oo#

#o#
#{#
##@#
#..#
#.##
#.#
#.#
#.#
#.#
#.#
#.#


You could see 5 orcs.

Vanquished Creatures
  A shadow imp (D:3)
  2 oozes (D:1)
  A dart slug (D:2)
  A leopard gecko (D:2)
  An orc (D:3)
  3 giant cockroaches
  4 goblins (D:1)
  3 hobgoblins
  A bat (D:1)
  A frilled lizard (D:2)
  5 kobolds
  6 rats
29 creatures vanquished.

Notes
Turn   | Place    | Note
-------+----------+-------------------------------------------
     0 | D:1      | timneilson the Gargoyle Fighter began the quest for the
                  | Orb.
     0 | D:1      | Reached XP level 1. HP: 14/14 MP: 1/1
   159 | D:1      | Reached XP level 2. HP: 17/19 MP: 2/2
   384 | D:1      | Reached XP level 3. HP: 23/23 MP: 3/3
   689 | D:2      | Found an ancient bone altar of Kikubaaqudgha.
  1570 | D:3      | Noticed Sigmund
  1598 | D:3      | Slain by Sigmund

Illustrated notes

Levels and vault maps discovered:
D:1:      erik_arrival_triangle_small, layout_basic
D:2:      minmay_evil_eye, layout_basic, kiku_gazebo_pond_becter
D:3:      layout_loops_ring, lemuel_round_altar, serial_rivers,
          chequers_serial_rivers_room_a, chequers_serial_rivers_small_b,
          chequers_serial_rivers_micro_e, chequers_serial_rivers_room_a,
          chequers_serial_rivers_room_a, chequers_serial_rivers_small_a,
          uniq_sigmund

Skill      XL: |  1 |
---------------+----+-----
Long Blades    | 2 |  2.5
Fighting       | |  3.5
Armour         | |  3.9
Shields        | |  3.7

Action                   || total
-------------------------++-------
Melee: Long sword        ||   112
  Use: Scroll            ||     6
       Potion            ||     1
Armor: Scale mail        ||    42
Dodge: Dodged            ||    29
Block: Kite shield       ||    56
       Rpst.: Long sword ||    11

Table legend: (Time is in decaauts)
 A = Elapsed time spent in this place.
 B = Non-inter-level travel time spent in this place.
 C = Inter-level travel time spent in this place.
 D = Time resting spent in this place.
 E = Time spent auto-exploring this place.
 F = Levels seen in this place.
 G = Mean time per level.
                   A        B        C        D        E       F      G
               +--------+--------+--------+--------+--------+-----+--------+
         Total |   1639 |   1600 |     39 |      0 |   1310 |   3 |  546.3 |
       Dungeon |   1639 |   1600 |     39 |      0 |   1310 |   3 |  546.3 |
               +--------+--------+--------+--------+--------+-----+--------+

Top non-repeatable levels by time:
     D:2: 723 daAuts
     D:1: 689 daAuts
     D:3: 226 daAuts
